 Dungeon Crawl Stone Soup version 0.18-a0-1774-gce1f7b6 (webtiles) character file.

37 barb4r1an the Firebug (level 3, -3/21 HPs)
             Began as an Octopode Fire Elementalist on Apr 15, 2016.
             Slain by an adder (5 damage)
             ... on level 2 of the Dungeon.
             The game lasted 00:03:19 (1229 turns).

barb4r1an the Firebug (Octopode Fire Elementalist)  Turns: 1229, Time: 00:03:19

Health: -3/21      AC:  1    Str:  7    XL:     3   Next: 41%
Magic:  3/6        EV: 12    Int: 18    God:
Gold:   42         SH:  0    Dex: 12    Spells: 2 memorised, 3 levels left

rFire  . . .     SeeInvis .     e - +0 short sword
rCold  . . .     Gourm    .     (no shield)
rNeg   . . .     Faith    .     (helmet restricted)
rPois  .         Spirit   .     (no amulet)
rElec  .         Dismiss  .     (no ring)
rCorr  .         Reflect  .     (no ring)
SustAt .         Harm     .     (no ring)
MR     .....                    (no ring)
Stlth  +++.......               (no ring)
                                (no ring)
                                (no ring)
                                (no ring)

@: lethally poisoned (-3 -> -9), not resistant to hostile enchantments, fairly
stealthy
A: almost no armour, amphibious, 8 rings, constrict 8, camouflage 1, gelatinous
body 1
a: no special abilities


You were on level 2 of the Dungeon.
You were near starving.

You visited 1 branch of the dungeon, and saw 2 of its levels.

You collected 42 gold pieces.

Inventory:

Hand Weapons
 e - a +0 short sword (weapon)
Scrolls
 c - a scroll of remove curse {unknown}
 d - 2 scrolls of identify {unknown}
 g - a scroll of teleportation {unknown}
Potions
 f - a potion of agility {unknown}
 h - a potion of mutation {unknown}
Books
 a - a book of Flames

   Spells                             Type                      Level
   a - Flame Tongue                   Conjuration/Fire             1
   b - Throw Flame                    Conjuration/Fire             2
   c - Conjure Flame                  Conjuration/Fire             3
   d - Inner Flame                    Hexes/Fire                   3
   e - Sticky Flame                   Conjuration/Fire             4
   f - Fireball                       Conjuration/Fire             5
Comestibles
 b - 2 bread rations


   Skills:
 + Level 2.2 Dodging
 + Level 3.2 Stealth
 + Level 2.3 Spellcasting
 + Level 1.6 Conjurations
 + Level 3.4 Fire Magic


You had 3 spell levels left.
You knew the following spells:

 Your Spells              Type           Power        Failure   Level  Hunger
a - Flame Tongue          Conj/Fire      ##...        8%          1    #......
b - Throw Flame           Conj/Fire      ##....       12%         2    ##.....


Dungeon Overview and Level Annotations

Branches:
Dungeon (2/15)

Altars:


Innate Abilities, Weirdness & Mutations

You cannot wear most types of armour.
You are amphibious.
You can wear up to eight rings at the same time.
You can use your tentacles to constrict eight enemies at once.
Your skin changes colour to match your surroundings (Stealth).
Your rubbery body absorbs attacks (AC +1).


Message History

Casting: Flame Tongue
Confirm with . or Enter, or press ? or * to list all spells.
Aiming: Flame Tongue
Press: ? - help, Shift-Dir - straight line, f/p - adder
Aim: an adder (moderately wounded)
The flame tongue hits the adder.
The adder is heavily wounded.
You feel sick.
The goblin shouts!
The adder bites you.
You closely miss the adder. Your grab misses the adder.
The adder is heavily wounded.
* * * LOW HITPOINT WARNING * * *
You feel sick. The adder closely misses you.
You barely miss the adder. You grab the adder.
The adder is heavily wounded.
You constrict the adder. The adder bites you.
* * * LOW HITPOINT WARNING * * *
The adder bites you.
You die...

...# #......#..
#### #......#.### .
#......#.#..
########......#.#.#
.
................#.#
..
#########.####..#.#
#...
.....#...#.#.....
###.......#S..####
.......#@g......
#...........####
........#.####
.#.......)#
#.####.### #. #. #.


You could see an adder and a goblin.

Vanquished Creatures
  3 dart slugs (D:1)
  2 bats (D:1)
  4 giant cockroaches (D:1)
  5 goblins (D:1)
  3 hobgoblins
  4 jackals (D:1)
  2 kobolds (D:1)
  4 rats (D:1)
27 creatures vanquished.

Notes
Turn   | Place    | Note
--------------------------------------------------------------
     0 | D:1      | barb4r1an the Octopode Fire Elementalist began the quest for the Orb.
     0 | D:1      | Reached XP level 1. HP: 11/11 MP: 3/3
   122 | D:1      | Reached XP level 2. HP: 7/17 MP: 0/5
   373 | D:1      | Learned a level 2 spell: Throw Flame
   725 | D:1      | Reached XP level 3. HP: 21/21 MP: 0/6
  1229 | D:2      | Slain by an adder

Vault maps used:
D:1:      kilobyte_arrival_exit_the_forest
D:2:      uniq_terence

Skill      XL: |  1  2 |
---------------+-------+-----
Stealth        | 3 |  3.2
Dodging        | |  2.2
Spellcasting   | |  2.3
Conjurations   | |  1.6
Fire Magic     | |  3.4

Action                   || total
-------------------------++-------
Melee: Unarmed           ||     9
       Constrict         ||     5
       Tentacles         ||     2
       Short sword       ||     5
 Cast: Flame Tongue      ||    29
       Throw Flame       ||    11
Armor: Skin              ||     3
Dodge: Dodged            ||    22
